 Dungeon Crawl Stone Soup version 0.7.1-24-ga64cc90 character file.

4017 casmith789 the Infuser (level 9, -2/40 HPs)
             Began as a Spriggan Enchanter on Aug 30, 2010.
             Was a Believer of Elyvilon.
             Shot with an arrow of flame by a centaur (16 damage)
             ... on Level 11 of the Dungeon.
             The game lasted 00:34:33 (10355 turns).

casmith789 the Infuser (Spriggan Enchanter)        Turns: 10355, Time: 00:34:33

HP  -2/40        AC  6     Str  9 Exp: 9/5020 (0), need: 62
MP   4/24        EV 21     Int 16      God: Elyvilon [**....]
Gold 503         SH  0     Dex 17      Spells:  4 memorised, 10 levels left

Res.Fire  : . . .   See Invis. : +   a - +1 dagger
Res.Cold  : . . .   Warding    : +   b - +1 robe
Life Prot.: + . .   Conserve   : .   (shield restricted)
Res.Poison: .       Res.Corr.  : .   D - +2 cap
Res.Elec. : .       Clarity    : .   (no cloak) Spirit.Shd: . Stasis : .
                                     (gloves unavailable)
Sust.Abil.: . .     Rnd.Telep. : .   (boots unavailable)
Res.Mut.  : .       Ctrl.Telep.: .   n - amulet of warding
Res.Rott. : .       Levitation : .   F - +1 ring of protection
Saprovore : . . .   Ctrl.Flight: .   E - +2 ring of strength

@: very quick, quite resistant to hostile enchantments, quite stealthy
A: unfitting armour, see invisible, herbivore 3, speed 3, slow metabolism 3
a: Destroy Weapons, Lesser Healing, Lesser Self-Healing, Purification, Renounce
Religion


You were on level 11 of the Dungeon.
You worshipped Elyvilon.
Elyvilon was most pleased with you.
You were hungry.

You visited 2 branches of the dungeon, and saw 11 of its levels.
You visited 1 portal chamber: bailey.

You collected 595 gold pieces.
You spent 112 gold pieces at shops.

Inventory:

Hand weapons
 a - a +1,+1 dagger (weapon)
 i - a +0,+1 sabre
 v - a +1,+2 vampiric dagger
Missiles
 d - 13 +1 darts (quivered)
Armour
 b - a +1 robe (worn)
 D - a +2 cap (worn)
Magical devices
 q - a wand of lightning (8) {unknown}
 G - a wand of confusion (4) {unknown}
Comestibles
 x - an apple
Scrolls
 e - 5 scrolls of teleportation
 f - a scroll of enchant weapon I {unknown}
 j - 4 scrolls of identify
 l - a scroll of blinking
 o - 7 scrolls of remove curse {unknown}
 p - a scroll of magic mapping {unknown}
 r - a scroll of recharging {unknown}
 s - 2 scrolls of paper {unknown}
 t - 2 scrolls of detect curse {unknown}
 y - a scroll of noise {unknown}
 A - a scroll of fog {unknown}
 H - 2 scrolls of curse weapon {unknown}
 K - a scroll of immolation {unknown}
Jewellery
 n - an amulet of warding (around neck)
 E - a +2 ring of strength (left hand)
 F - a +1 ring of protection (right hand)
Potions
 g - 2 potions of magic {unknown}
 h - a potion of berserk rage {unknown}
 k - a potion of speed
 C - 2 potions of healing
Books
 c - a book of Charms

   Spells                             Type                      Level
   *Corona                            Enchantment                  1
   *Repel Missiles                    Enchantment/Air              2
   *Ensorcelled Hibernation           Enchantment/Ice              2
   *Confuse                           Enchantment                  3
   Enslavement                        Enchantment                  4
   Silence                            Enchantment/Air              5
   Invisibility                       Enchantment                  6
 w - a book of Wizardry

   Spells                             Type                      Level
   Selective Amnesia                  Enchantment                  4
   Summon Elemental                   Summoning                    4
   Teleport Self                      Translocation                5
   Fireball                           Conjuration/Fire             6
   Haste                              Enchantment                  6
 I - a book of Party Tricks

   Spells                             Type                      Level
   Summon Butterflies                 Summoning                    1
   Apportation                        Translocation                1
   Projected Noise                    Enchantment                  2
   Blink                              Translocation                2
   Levitation                         Enchantment/Air              2
   Alistair's Intoxication            Transmutation/Poison         4
 L - a book of the Earth

   Spells                             Type                      Level
   Maxwell's Silver Hammer            Transmutation/Earth          2
   Dig                                Transmutation/Earth          4
   Statue Form                        Transmutation/Earth          6
   Iron Shot                          Conjuration/Earth            6
   Shatter                            Transmutation/Earth          9
   You had 0 experience left.


   Skills:
 + Level 1 Fighting
 - Level 3 Short Blades
 - Level 1 Throwing
 + Level 6 Dodging
 + Level 5 Stealth
 - Level 10 Stabbing
 + Level 2 Traps & Doors
 + Level 5 Spellcasting
 + Level 12 Enchantments
 - Level 3 Ice Magic


You had 10 spell levels left.
You knew the following spells:

 Your Spells              Type           Power        Success   Level
a - Corona                Ench           ######..     Excellent   1
b - Ensorcelled Hibernat  Ice/Ench       #####..      Excellent   2
c - Confuse               Ench           ######...    Excellent   3
D - Repel Missiles        Air/Ench       ####......   Excellent   2

Dungeon Overview and Level Annotations

Branches:
Dungeon (11/27)            Temple (1/1) D:4             Orc (0/4) D:6
   Lair: D:8-13        Hive: D:11-16

Altars:
Cheibriados
Elyvilon
Fedhas
Kikubaaqudgha
Makhleb
Nemelex Xobeh
Okawaru
Sif Muna
The Shining One
Trog
Vehumet
Xom
Yredelemnul
Zin

Shops:
D:4: ?

Annotations
D:10 ERICA!!!!


Innate Abilities, Weirdness & Mutations

You are tiny and cannot use many weapons and most armour.
You have supernaturally acute eyesight.
You are a herbivore.
You cover ground extremely quickly.
You need consume almost no food.


Message History

Aim: An orc wizard, wielding an orcish dagger, and wearing an orcish robe (moving very quickly)
The orc wizard appears confused.
You are feeling hungry.
The centaur wields a glowing bow.
It is covered in frost.
The centaur shoots an arrow of flame.
The arrow of flame hits you! A scroll you are carrying catches fire!
You die...

^.....#####.........# #..
............#.......######..
...W..#######...............
......# ####......[#.......
......# #.....###<)....%...
......# #.....'..#....#'#..
......####.....##.##...#.#..
........c...#####...####.##.
P##........@# #####.####.##.
.##.........###........#.##.
..........oo.T.........#....
.........######........##...
.........#....#.o.........#.
.........#....#...........#.
.........#....#####.......#.
.........#....# #.......#.
.........#....# #.#######.


You could see a centaur, an orc wizard (confused) and an orc.

Vanquished Creatures
  A cyclops (D:11)
  A troll (D:6)
  A wraith (D:11)
  A necrophage (D:11)
  2 orc warriors (D:6)
  5 centaurs (D:11)
  An ice beast (D:10)
  4 ogres
  A crocodile (D:11)
  Sigmund (D:5)
  A yellow wasp zombie (D:10)
  6 giant frogs
  A wight (D:4)
  3 killer bees (D:10)
  A big kobold skeleton (D:11)
  6 imps
  3 hounds
  2 shadows (D:10)
  3 scorpions
  3 iguanas
  A giant ant (D:5)
  A giant ant zombie (D:10)
  6 orc wizards
  4 sheep (D:11)
  A jelly (D:7)
  A giant beetle zombie (D:5)
  4 gnolls (D:3)
  6 snakes
  A giant mite (D:7)
  2 oozes
  13 giant bats
  7 giant cockroaches
  12 hobgoblins
  2 jackals (D:3)
  24 orcs
  3 quokkas
  3 small snakes
  4 giant geckos
  A giant gecko skeleton (D:4)
  4 giant newts
  13 goblins
  17 kobolds
  An orc zombie (D:7)
  14 rats
192 creatures vanquished.

Vanquished Creatures (others)
  A hobgoblin (D:1)
  An orc (D:6)
  A kobold (D:6)
  20 toadstools
23 creatures vanquished.

Grand Total: 215 creatures vanquished

Notes
Turn   | Place    | Note
--------------------------------------------------------------
     0 | D:1      | casmith789, the Spriggan Enchanter, began the quest for the Orb.
     0 | D:1      | Reached XP level 1. HP: 8/8 MP: 4/4
  1247 | D:1      | Reached XP level 2. HP: 6/11 MP: 5/7
  1253 | D:1      | Learned a level 2 spell: Ensorcelled Hibernation
  1434 | D:1      | Reached skill 1 in Stabbing
  2132 | D:1      | Reached XP level 3. HP: 16/16 MP: 1/9
  2282 | D:1      | Reached skill 1 in Ice Magic
  2871 | D:3      | Reached XP level 4. HP: 19/19 MP: 4/12
  3590 | D:3      | Reached skill 1 in Traps & Doors
  3907 | D:4      | Found Beufo's Magic Scroll Shop.
  3914 | D:4      | Bought a scroll of identify for 28 gold pieces
  3922 | D:4      | Reached XP level 5. HP: 23/23 MP: 8/14
  3924 | D:4      | Bought a scroll of blinking for 42 gold pieces
  3924 | D:4      | Bought a scroll of teleportation for 42 gold pieces
  3978 | D:4      | Learned a level 3 spell: Confuse
  3985 | D:4      | Reached skill 5 in Stabbing
  3990 | D:4      | Noticed a crocodile
  4075 | D:4      | Reached XP level 6. HP: 27/27 MP: 2/17
  4297 | D:4      | Reached skill 7 in Enchantments
  4435 | D:3      | Learned a level 2 spell: Repel Missiles
  4619 | D:4      | Found a staircase to the Ecumenical Temple.
  4662 | Temple   | Entered the Ecumenical Temple
  4743 | Temple   | Became a worshipper of Elyvilon the Healer
  4808 | D:5      | Entered Level 5 of the Dungeon
  4873 | D:5      | Reached XP level 7. HP: 31/31 MP: 6/18
  4956 | D:5      | Was placed under penance by Elyvilon
  5103 | D:5      | Reached skill 8 in Stabbing
  5105 | D:5      | Was forgiven by Elyvilon
  5321 | D:5      | Noticed Sigmund
  5326 | D:5      | Defeated Sigmund
  5594 | D:5      | Reached skill 9 in Stabbing
  5890 | D:6      | Noticed a troll
  6237 | D:5      | Reached XP level 8. HP: 27/34 MP: 3/20
  6500 | D:6      | Acquired Elyvilon's first power
  6518 | D:6      | Reached skill 10 in Stabbing
  6661 | D:6      | Found a staircase to the Orcish Mines.
  7695 | D:6      | Defeated a troll
  8066 | D:8      | Found a glowing silver altar of Zin.
  8099 | D:8      | You fall through a shaft!
  8099 | D:10     | Entered Level 10 of the Dungeon
  8113 | D:10     | Reached XP level 9. HP: 39/39 MP: 17/22
  8186 | D:10     | Reached skill 10 in Enchantments
  8245 | D:10     | Found a flagged portal. 8275
                  | bailey
                  | Entered the bailey
  8412 | D:10     | Noticed Erica
  8485 | D:11     | Reached skill 5 in Dodging
  8486 | D:11     | Reached skill 11 in Enchantments
  8783 | D:11     | Reached skill 1 in Fighting
  8868 | D:11     | Reached skill 5 in Stealth
  8928 | D:11     | Reached skill 12 in Enchantments
  9108 | D:11     | Reached skill 5 in Spellcasting
  9650 | D:11     | Acquired Elyvilon's second power
 10355 | D:11     | Shot with an arrow of flame by a centaur
